Cogmind - Beta 15 @@@ ROGUE MODE // 2025.08.15 @ 12:24:18 Player: Andru7428 Result: Destroyed by S-27 Virus with Autogun Performance ------------- Evolutions (5) 2500 Regions Visited (27) 5400 Robots Destroyed (302) 1510 Value Destroyed (11395) 11395 Prototype IDs (32) 640 Alien Tech Used (1) 200 Bonus (8286) 8286 TOTAL SCORE: 29931 Bonus ------- High Alert Combat Kills 1219 Follower Combat Kills 3424 Entered Garrisons 800 Used RIF Installer 2500 Network Hubs Disabled 200 Met Data Miner 300 Built Enhanced Grunts 300 A7 Reached Mainframe 300 Friendly Fire -757 Cogmind --------- Core Integrity 0/1000 Matter 270/300 Energy 100/100 System Corruption 0% Temperature Cool (0) Movement Core (1450) Ox28 Location -4/Proximity Caves Parts ------- > --- POWER (1) -------- (None) > --- PROPULSION (3) --- Armored Medium Treads > --- UTILITY (12) ----- Huge Storage Unit Advanced Signal Interpreter Advanced Terrain Scan Processor Improved Target Analyzer Improved Transmission Jammer Relay Coupler [Grunt] (11) Relay Coupler [Sentry] (21) > --- WEAPON (2) ------- Advanced Variable Charge Gun > --- INVENTORY (25) --- Light Deuterium Engine Fission Core Advanced Quantum Shading Machine ECM Suite Experimental Thermal Defense Suite Authchip [Propulsion] Relay Coupler [Brawler] (31) Improved Trap Extractor (0/6) Improved Trap Extractor (3/6 Segregator) Improved Recalibrator Improved Arc Projector Advanced Beam Rifle Heavy Plasma Cannon Railgun Heavy Missile Launcher Advanced Datajack Improved Remote Datajack Improved Remote Datajack Improved Remote Datajack Power Maul Makeshift Spear Dirty Bomb Trap Peak State ------------ > --- POWER ------------ Cold Fusion Reactor > --- PROPULSION ------- Armored Wheel Armored Huge Wheel > --- UTILITY ---------- Huge Storage Unit Advanced Signal Interpreter Centrium Medium Armor Plating Damper Plating Improved Hacking Suite Improved Hacking Suite Relay Coupler [NC] Relay Coupler [Grunt] Relay Coupler [Sentry] > --- WEAPON ----------- Cooled Particle Cannon Improved Remote Datajack > --- INVENTORY -------- Reinforced Quantum Reactor Compact Wheel Compact Wheel Advanced Quantum Shading Machine Advanced Sensor Array Improved Transmission Jammer ECM Suite Hardened Medium Armor Plating Hardened Medium Armor Plating Centrium Medium Armor Plating Authchip [Propulsion] Relay Coupler [NC] Relay Coupler [Brawler] Improved Trap Extractor Improved Trap Extractor Advanced Beam Rifle Advanced Variable Charge Gun Cooled Particle Cannon Heavy Missile Launcher Precision Grenade Launcher Advanced Datajack Improved Remote Datajack Improved Remote Datajack Power Maul Enhanced Force Lance [Rating: 96] Favorites ----------- Power Improved Ion Engine Engine Improved Ion Engine Power Core Light Nuclear Core Reactor Reinforced Quantum Reactor Propulsion Armored Wheel Treads Light Treads Wheel Armored Wheel Hover Unit Antigrav System Utility Hardened Medium Armor Plating Device Improved Sensor Array Storage High-capacity Storage Unit Processor Improved Signal Interpreter Hackware Relay Coupler [Grunt] Protection Hardened Medium Armor Plating Weapon Cooled Particle Cannon Energy Gun Improved EM Shotgun Energy Cannon Cooled Particle Cannon Ballistic Gun Improved Assault Rifle Launcher Precision Grenade Launcher Special Weapon Improved Remote Datajack Impact Weapon Power Maul Slashing Weapon Great Axe Piercing Weapon Enhanced Force Lance Special Melee Weapon Advanced Datajack Build | -11 -10 -10 -9 -9 -9 -8 -8 -8 -8 -7 -7 -7 -7 -6 -6 -6 -6 -6 -6 -6 -5 -5 -5 -5 -5 -5 -4 ------- Run | Yrd Mat Min Mat Sto Gar Mat Gar Mat Gar Fac Low Low Dat Pro Fac Ext Cet Arc Hub Gar Fac Was Fac Upp Upp War Pro Slots Evolved 10 | . . . 2 . . 2 . . . 2 . . . . 2 . . . . . 2 . . . . . . Power . | . . . . . . . . . . . . . . . . . . . . . . . . . . . . Propulsion . | . . . . . . . . . . . . . . . . . . . . . . . . . . . . Utility 10 | . . . 2 . . 2 . . . 2 . . . . 2 . . . . . 2 . . . . . . Weapon . | . . . . . . . . . . . . . . . . . . . . . . . . . . . . Parts Attached 196 | 7 13 5 15 17 8 9 7 13 5 15 1 . . 1 8 11 2 3 4 8 11 5 11 6 4 . 7 Power 17 | 1 1 1 1 2 1 . . . . 4 . . . . . 2 1 . . . 1 1 1 . . . . Engine 11 | 1 1 1 1 2 1 . . . . 2 . . . . . 2 . . . . . . . . . . . Core 2 | . . . . . . . . . . 2 . . . . . . . . . . . . . . . . . Reactor 4 | . . . . . . . . . . . . . . . . . 1 . . . 1 1 1 . . . . Propulsion 21 | 2 1 2 3 2 . 1 . . . 1 . . . . 1 3 . . 1 . . . 1 1 1 . 1 Treads 7 | 2 1 2 1 . . . . . . . . . . . . . . . . . . . . . . . 1 Leg . | . . . . . . . . . . . . . . . . . . . . . . . . . . . . Wheel 13 | . . . 2 2 . 1 . . . 1 . . . . 1 3 . . 1 . . . 1 1 . . . Hover 1 | . . . . . . . . . . . . . . . . . . . . . . . . . 1 . . Flight . | . . . . . . . . . . . . . . . . . . . . . . . . . . . . Utility 110 | 2 6 . 5 8 4 5 6 10 4 8 1 . . 1 5 5 . 2 3 7 7 2 9 5 1 . 4 Device 36 | 1 3 . 1 2 1 2 1 4 . 3 . . . 1 2 1 . . 1 1 2 . 4 3 . . 3 Storage 7 | 1 2 . 1 1 . 1 . . . . . . . . 1 . . . . . . . . . . . . Processor 13 | . . . . 2 . . . 1 1 . 1 . . . 1 . . . 1 1 1 1 1 1 1 . . Hackware 14 | . . . . . . . . 1 . 3 . . . . . 1 . 1 . 3 3 . 2 . . . . Protection 40 | . 1 . 3 3 3 2 5 4 3 2 . . . . 1 3 . 1 1 2 1 1 2 1 . . 1 Artifact . | . . . . . . . . . . . . . . . . . . . . . . . . . . . . Weapon 48 | 2 5 2 6 5 3 3 1 3 1 2 . . . . 2 1 1 1 . 1 3 2 . . 2 . 2 Energy Gun 20 | 1 1 1 3 5 3 2 1 2 . . . . . . . . 1 . . . . . . . . . . Energy Cannon 5 | . . . 1 . . . . . . 2 . . . . . . . . . . . . . . . . 2 Ballistic Gun 4 | 1 2 . 1 . . . . . . . . . . . . . . . . . . . . . . . . Ballistic Cannon . | . . . . . . . . . . . . . . . . . . . . . . . . . . . . Launcher 6 | . 1 . 1 . . . . 1 1 . . . . . . . . . . 1 . 1 . . . . . Special Weapon 3 | . . . . . . . . . . . . . . . . 1 . . . . 2 . . . . . . Impact Weapon 4 | . . 1 . . . 1 . . . . . . . . 1 . . . . . 1 . . . . . . Slashing Weapon 1 | . . . . . . . . . . . . . . . . . . . . . . . . . 1 . . Piercing Weapon 2 | . . . . . . . . . . . . . . . . . . . . . . 1 . . 1 . . Special Melee Weapon 3 | . 1 . . . . . . . . . . . . . 1 . . 1 . . . . . . . . . Unidentified Prototypes 12 | . 1 . 2 2 . 1 . . . . . . . 1 . . 1 . 1 . . . 3 . . . . Parts Lost 58 | . 2 1 1 4 3 . . 5 3 2 . . . . . 1 . . 2 2 4 . 11 3 2 . 12 Power 5 | . 1 1 . . . . . . . . . . . . . . . . . . 1 . 1 . . . 1 Propulsion 12 | . . . . 1 . . . . 1 2 . . . . . 1 . . 1 . . . 3 . 2 . 1 Utility 30 | . 1 . 1 3 . . . 3 2 . . . . . . . . . 1 2 3 . 5 2 . . 7 Weapon 11 | . . . . . 3 . . 2 . . . . . . . . . . . . . . 2 1 . . 3 Highest Loss Streak 6 | . 1 1 1 1 1 . . 3 1 2 . . . . . 1 . . 1 1 3 . 6 1 2 . 4 To Critical Strikes . | . . . . . . . . . . . . . . . . . . . . . . . . . . . . Average Backups 20 | 5 10 14 18 19 18 19 20 19 19 19 19 20 20 19 20 24 24 25 24 23 22 24 23 21 23 24 21 Power 1 | . 1 . 1 1 1 1 1 1 1 1 2 2 2 2 1 1 1 1 1 1 1 1 1 1 2 3 2 Propulsion 1 | 3 3 4 4 3 2 1 2 2 1 . . . . . . 1 1 1 . . . . 1 . . . . Utility 10 | . 2 5 5 6 8 11 12 11 12 12 12 13 13 12 12 15 15 16 16 15 12 13 10 8 8 8 8 Weapon 5 | 1 3 3 7 8 6 4 4 4 4 4 4 4 4 4 4 5 5 5 5 5 5 6 6 7 8 9 7 Tool/Special . | . . . . . . . . . . . . . . . . . . . . . . . . . . . . Unused Backups 49 | . 10 1 2 3 . 2 . 2 1 3 . . . . 2 1 2 2 1 . . 2 2 . 1 . 12 Power 9 | . . . 1 . . . . . . 1 . . . . 1 . . 1 1 . . 1 . . . . 3 Propulsion 6 | . 5 . . . . . . . . . . . . . 1 . . . . . . . . . . . . Utility 14 | . 1 . . . . . . 1 1 2 . . . . . . 1 1 . . . 1 2 . . . 4 Weapon 19 | . 4 1 1 3 . 2 . 1 . . . . . . . 1 1 . . . . . . . 1 . 4 Tool/Special 1 | . . . . . . . . . . . . . . . . . . . . . . . . . . . 1 Average Slot Usage (%) 94 | . 98 99 97 93 99 98 100 98 99 99 100 100 85 93 96 100 100 99 99 100 99 87 82 71 88 88 73 Engine 5 | . 13 13 10 11 11 8 9 8 9 3 7 7 7 7 6 6 1 . . . . . . . . . . Reactor 1 | . . . . . . . . . . . . . . . . . 4 6 6 6 4 5 5 4 5 5 4 Treads 3 | . 27 28 4 . . . . . . . . . . . . . . . . . . . . . . . 4 Wheel 13 | . . . 17 22 22 17 18 18 18 14 15 15 15 14 15 18 18 18 17 18 15 16 11 6 6 5 . Device 10 | . 11 14 11 6 11 17 10 15 12 12 15 14 15 14 12 11 6 . 10 1 7 1 4 5 12 11 10 Storage 7 | . 14 14 11 11 11 9 9 9 9 7 7 7 7 7 6 6 6 6 6 6 5 5 5 5 5 5 5 Processor 6 | . . . . 6 . . . 2 9 7 7 7 7 7 9 12 12 12 12 9 5 5 5 8 14 16 16 Hackware 10 | . . . . . . . . . . 11 15 15 15 14 12 16 18 17 18 22 27 33 26 22 22 22 12 Protection 16 | . 2 . 20 13 22 26 34 25 23 20 15 15 15 14 20 13 18 25 13 21 19 7 12 10 11 11 5 Energy Gun 5 | . 2 . 16 16 21 16 13 17 18 4 . . . . . . . . . . . . . . . . 4 Energy Cannon 4 | . . . . . . . . . . 5 14 15 1 14 11 6 12 6 7 6 4 5 6 . . . 4 Ballistic Gun 2 | . 24 27 4 . . . . . . . . . . . . . . . . . . . . . . . . Peak Build Rating 96 | 7 14 13 22 22 24 31 35 39 39 44 45 44 43 44 54 55 60 63 67 74 85 89 96 72 82 73 79 Average Rating 46 | 5 10 12 19 19 21 30 33 34 36 40 42 42 33 43 50 52 58 61 62 71 79 84 84 64 76 73 74 On Entrance 45 | . 7 13 13 19 22 24 31 35 39 35 43 43 43 43 44 53 53 60 63 64 70 82 86 58 72 73 73 Naked Turns . | . . . . . . . . . . . . . . . . . . . . . . . . . . . . Heaviest Build 158 | 14 33 32 66 63 63 75 83 84 76 89 83 83 82 94 125 129 134 139 134 140 137 152 158 143 139 128 136 Greatest Support 44 | 40 40 40 40 24 24 24 24 24 24 24 22 22 22 22 32 42 42 42 44 44 44 44 44 26 26 16 27 Greatest Overweight (x) 44 | 3 . . 2 2 2 3 3 3 3 8 3 3 3 4 4 3 3 3 4 3 3 3 7 8 8 7 44 Average Overweight (x) 2 | . . . 1 2 2 2 2 2 2 3 3 3 3 3 3 2 3 3 2 2 2 2 2 6 7 7 31 Largest Inventory Capacity 25 | 8 15 15 20 20 20 20 20 20 20 20 20 20 20 20 25 25 25 25 25 25 25 25 25 25 25 25 25 Average Capacity 21 | 7 10 15 19 20 20 20 20 20 20 20 20 20 20 20 21 25 25 25 25 25 25 25 25 25 25 25 25 Most Carried 25 | 7 15 15 20 20 20 20 20 20 20 20 20 20 20 20 25 25 25 25 25 25 25 25 25 24 25 25 25 Average Carried 20 | 5 10 14 18 19 18 19 20 19 19 19 19 20 20 19 20 24 24 24 24 23 22 24 24 22 24 25 22 Final Capacity 25 | 8 15 15 20 20 20 20 20 20 20 20 20 20 20 20 25 25 25 25 25 25 25 25 25 25 25 25 25 Final Carried 25 | 7 15 15 20 19 20 20 20 20 20 19 20 20 20 20 25 24 25 25 24 21 23 25 22 24 25 25 22 Class Distribution -------------------- 31% | Trapper-Mutant 15% | Bothacker-Mutant 15% | Mutant 12% | Trapper-Skirmisher 7% | Derelict-Mutant 5% | Trapper-Assassin 5% | Botlord-Mutant Dominant Class ---------------- Mutant | -10/Materials Mutant | -10/Mines Trapper-Mutant | -9/Materials Trapper-Mutant | -9/Storage Trapper-Mutant | -9/Garrison Trapper-Mutant | -8/Materials Trapper-Mutant | -8/Garrison Trapper-Mutant | -8/Materials Mutant | -8/Garrison Trapper-Mutant | -7/Factory Trapper-Skirmisher | -7/Lower Caves Trapper-Skirmisher | -7/Lower Caves Trapper-Mutant | -7/Data Miner Trapper-Skirmisher | -6/Proximity Caves Trapper-Skirmisher | -6/Factory Trapper-Assassin | -6/Extension Bothacker-Mutant | -6/Cetus Trapper-Mutant | -6/Archives Bothacker-Assassin | -6/Hub_04(d) Botlord-Mutant | -6/Garrison Botlord-Assassin | -5/Factory Botlord-Mutant | -5/Waste Bothacker-Mutant | -5/Factory Bothacker-Mutant | -5/Upper Caves Bothacker-Mutant | -5/Upper Caves Bothacker-Mutant | -5/Warlord Derelict-Mutant | -4/Proximity Caves Resources | -11 -10 -10 -9 -9 -9 -8 -8 -8 -8 -7 -7 -7 -7 -6 -6 -6 -6 -6 -6 -6 -5 -5 -5 -5 -5 -5 -4 ----------- Run | Yrd Mat Min Mat Sto Gar Mat Gar Mat Gar Fac Low Low Dat Pro Fac Ext Cet Arc Hub Gar Fac Was Fac Upp Upp War Pro Matter Collected 6670 | 306 547 258 407 303 133 160 271 458 239 562 57 263 . 168 210 365 70 50 125 371 308 132 425 221 91 . 170 Remotely 119 | . . . . . . . . . . . . . . . . . . . . . . . . 42 61 . 16 Salvage Created 13533 | 170 898 352 1115 1245 618 615 667 1787 916 534 28 302 . 149 260 314 118 314 164 442 315 559 998 283 112 . 258 Parts 709 | 12 60 23 56 72 44 33 36 109 50 23 2 9 . 6 27 8 6 23 3 10 13 1 49 11 8 . 15 Haulers Intercepted 17 | . 2 . 4 4 . 2 . 4 . . . . . . . . . . . . . . 1 . . . . Recyclers Shooed 9 | 1 1 . . . . 1 . . . . . . . . . 1 . . . . . . 5 . . . . Parts Field Recycled . | . . . . . . . . . . . . . . . . . . . . . . . . . . . . Retrieved Matter . | . . . . . . . . . . . . . . . . . . . . . . . . . . . . Parts Self-Destructed 42 | . . . . . . . . . . . 4 8 . 5 . . . . . . . . . 7 8 . 10 Prevented 15 | . . . . . . . . . . . . . . . . . . . . . . . . 4 6 . 5 Kills | -11 -10 -10 -9 -9 -9 -8 -8 -8 -8 -7 -7 -7 -7 -6 -6 -6 -6 -6 -6 -6 -5 -5 -5 -5 -5 -5 -4 ------- Run | Yrd Mat Min Mat Sto Gar Mat Gar Mat Gar Fac Low Low Dat Pro Fac Ext Cet Arc Hub Gar Fac Was Fac Upp Upp War Pro Combat Hostiles Destroyed 220 | . 21 11 19 22 19 7 11 22 23 6 . 1 . 2 4 2 1 1 1 11 6 . 16 6 2 . 6 Melee 8 | . . . . . . . . . . . . . . . . . . . . . 2 . 1 1 2 . 2 Guns 135 | . 19 9 16 20 16 6 10 17 19 2 . . . . . . . . . . . . . . . . 1 Cannons 37 | . . . . . . . . . . 2 . 1 . 2 4 1 1 1 1 2 4 . 15 . . . 3 AOE 29 | . 2 2 2 2 3 1 1 2 2 . . . . . . . . . . 7 . . . 5 . . . Classes Destroyed 20 | 3 4 1 . 1 1 1 1 4 1 . 1 . . . . 1 . . . . . . 1 . . . . Worker 10 | 1 . . 1 1 . . . 6 . . . . . . . . . . . . . . 1 . . . . Builder 9 | . . . . . . . . 3 . 2 . . . . 2 . . . . . 1 . 1 . . . . Tunneler 5 | 3 . . . . . . . . . 2 . . . . . . . . . . . . . . . . . Hauler 17 | . 2 . 4 4 . 2 . 4 . . . . . . . . . . . . . . 1 . . . . Recycler 7 | 1 . 1 . . . 1 . 1 . 1 . . . . . 1 . . . . . . 1 . . . . Minesweeper 2 | . . . . . . . . . . . 1 . . 1 . . . . . . . . . . . . . Mechanic 1 | . . . . . . . . 1 . . . . . . . . . . . . . . . . . . . Operator 8 | . . . . . . 1 . . . . . . . . . . . 7 . . . . . . . . . Watcher 18 | . 3 . 3 . . . 1 5 . 1 . . . . 1 1 . . . . . . 3 . . . . Swarmer 44 | . 6 6 . 3 9 . . . 6 . . . . . . . . . . 4 1 . . 5 . . 4 Cutter 1 | . . . . . 1 . . . . . . . . . . . . . . . . . . . . . . Grunt 83 | . 15 3 12 11 5 4 6 14 . 3 . . . 2 . . . . . 4 1 . 3 . . . . Brawler 7 | . . . . 1 . . 1 1 3 . . . . . . . . . . . . . 1 . . . . Duelist 4 | . . . . . . . . 2 1 . . . . . . . . . . . 1 . . . . . . Sentry 36 | . . 2 7 7 4 3 1 4 4 . . . . . . 1 . 1 . 1 1 . . . . . . Demolisher 2 | . . . . . . . . . . . . . . . . . . . . . . . 2 . . . . Specialist 5 | . . . . . . . 3 . . . . . . . . . . . . . . . 2 . . . . Hunter 16 | . . . . . . . . 1 6 . . . . . . . . . . 3 . . 3 1 . . 2 Programmer 22 | . . . . . . . . . 3 4 . 1 . . 4 . . . 1 . 2 . 5 . 2 . . Behemoth 1 | . . . . . . . . . . . . . . . . 1 . . . . . . . . . . . Cetus Guard 1 | . . . . . . . . . . . . . . . . . 1 . . . . . . . . . . Decomposer 1 | . . . . . . . . . . . . . . . . . . . . . . . . 1 . . . Packrat 2 | . . . . . . . . . . . . . . . . . . . . . . . . 2 . . . Thug 1 | . . . . . . . . . . . . . . . . . . . 1 . . . . . . . . Savage 1 | . . . . . . . . . . . . . . . . . . . 1 . . . . . . . . Guerrilla 1 | . . . . . . . . . . . . . . . . . 1 . . . . . . . . . . Best Kill Streak 8 | 4 5 3 4 5 5 3 2 7 4 3 1 1 . 1 2 1 1 1 1 5 3 . 8 5 2 . 4 Combat Bots Only 7 | . 5 3 3 4 5 1 2 3 4 2 . 1 . 1 1 1 1 1 1 5 3 . 7 5 2 . 4 Max Kills in Single Turn 4 | 2 2 2 2 1 2 1 1 4 2 1 1 1 . 1 1 1 1 1 1 2 1 . 2 2 1 . 1 Gunslinging 1 | . . . . . 1 . . . . . . . . . . . . . . . . . . . . . . Exploded 2 | . 2 2 2 1 2 1 1 1 2 . . . . . . . . . . 2 . . . 2 . . . Melee 1 | . . . . . . . . . . . . . . . . . . . . . 1 . 1 1 1 . 1 Uniques/NPCs Destroyed . | . . . . . . . . . . . . . . . . . . . . . . . . . . . . Combat | -11 -10 -10 -9 -9 -9 -8 -8 -8 -8 -7 -7 -7 -7 -6 -6 -6 -6 -6 -6 -6 -5 -5 -5 -5 -5 -5 -4 -------- Run | Yrd Mat Min Mat Sto Gar Mat Gar Mat Gar Fac Low Low Dat Pro Fac Ext Cet Arc Hub Gar Fac Was Fac Upp Upp War Pro Hostile Shots Fired 1524 | . 82 58 70 104 67 25 41 88 142 47 9 6 . 3 20 74 8 4 46 119 52 . 215 67 16 . 161 Missed 442 | . 19 15 21 36 24 14 11 21 50 15 3 4 . 1 7 28 3 . 10 41 6 . 58 14 5 . 36 Hits 1082 | . 63 43 49 68 43 11 30 67 92 32 6 2 . 2 13 46 5 4 36 78 46 . 157 53 11 . 125 Melee 7 | . . . . . 1 . . 2 2 . . . . . . . . . . . 2 . . . . . . Projectile 1075 | . 63 43 49 68 42 11 30 65 90 32 6 2 . 2 13 46 5 4 36 78 44 . 157 53 11 . 125 AOE 2 | . . . . . . . 2 . . . . . . . . . . . . . . . . . . . . Critical Strikes 34 | . 1 1 4 2 . . . 6 4 3 . . . . . 1 2 . 2 . 1 . 2 2 1 . 2 Damage Taken 16606 | . 707 451 690 924 450 192 445 1076 1232 707 107 31 . 39 224 468 93 96 765 937 862 . 2938 907 273 51 1941 Core 2231 | . 97 83 78 72 48 33 74 143 215 82 . . . . 16 32 . . 92 159 79 . 250 187 46 26 419 Absorbed by Shields 738 | . . . . . 3 40 172 210 100 . . . . . . 34 37 . . . . . 142 . . . . Redirected to Shielding 205 | . . . . . . . 39 66 . . . . . . 9 44 . . . 13 34 . . . . . . Ignored by Resistances 405 | . . . . . . 3 . 23 . . . . . . . . . . . . . . 379 . . . . Regen/Repaired (Parts) 2624 | . 305 . 203 . . 360 . 96 . 470 . . . . . . . . . . 612 127 451 . . . . Core Remaining (%) 57 | 100 . 28 . . 50 . . . 15 . . . . 88 . . . . . 64 . . . . . . . Volleys Fired 784 | 12 54 25 59 63 35 22 41 83 64 20 3 9 . 19 44 40 6 58 7 23 24 . 54 8 . . 11 Largest 2 | 2 2 2 2 2 2 2 2 2 2 2 2 2 . 2 2 2 2 2 2 2 2 . 2 1 . . 2 Hottest 180 | 60 70 46 112 112 90 95 95 122 122 122 60 60 . 60 60 90 180 60 60 60 60 . 60 36 . . 170 Shots Fired 1391 | 24 107 51 117 105 69 45 83 168 126 40 6 18 . 32 79 49 12 60 12 29 35 . 98 8 . . 18 Gun 920 | 24 106 50 116 105 69 45 83 168 125 22 . . . . . . . . . . . . . . . . 7 Cannon 424 | . . . . . . . . . . 18 6 18 . 32 79 38 12 60 12 16 29 . 93 . . . 11 Launcher 19 | . 1 1 1 . . . . . 1 . . . . . . . . . . 7 . . . 8 . . . Special 28 | . . . . . . . . . . . . . . . . 11 . . . 6 6 . 5 . . . . Kinetic 167 | 12 83 50 22 . . . . . . . . . . . . . . . . . . . . . . . . Thermal 747 | 12 23 . 94 37 . . . 7 125 40 6 18 . 32 79 38 12 60 12 16 29 . 93 . . . 14 Explosive 19 | . 1 1 1 . . . . . 1 . . . . . . . . . . 7 . . . 8 . . . Electromagnetic 430 | . . . . 68 69 45 83 161 . . . . . . . . . . . . . . . . . . 4 Robot Hit Streak 26 | 3 26 10 11 20 13 16 12 13 14 4 4 11 . 10 9 12 3 6 4 7 15 . 8 . . . 9 Robot Miss Streak 6 | 3 1 5 3 2 4 6 3 6 3 3 . 1 . 3 3 2 1 3 2 1 3 . 4 . . . 2 Penetration Max . | . . . . . . . . . . . . . . . . . . . . . . . . . . . . Secondary Targets 16 | . 4 . 1 1 4 . 2 . 4 . . . . . . . . . . . . . . . . . . Max Gunslinging Chain 1 | . 1 . 1 1 1 . 1 . 1 . . . . . . . . . . . . . . . . . . Shots Hit Robots 1035 | 15 82 30 81 93 43 34 64 144 72 37 4 14 . 16 17 82 7 42 16 22 21 5 68 8 3 . 15 Core Hits 492 | 6 38 17 34 50 31 25 33 90 30 11 1 5 . 6 7 6 3 18 3 17 8 2 28 13 2 . 8 Critical Kills 6 | . . . . . . . . . . 1 . . . . . 3 . . . 1 1 . . . . . . Critical Parts Destroyed 8 | . . . . . . . . . . 1 . . . . . 1 . . 2 2 1 . 1 . . . . Critical Strikes 30 | . . . 5 3 . . . . 5 2 . . . . . 4 . . 2 3 2 1 1 1 1 . . Burn 13 | . . . 5 3 . . . . 5 . . . . . . . . . . . . . . . . . . Meltdown 3 | . . . . . . . . . . . . . . . . 2 . . . 1 . . . . . . . Smash 11 | . . . . . . . . . . 2 . . . . . 2 . . 2 2 2 . 1 . . . . Impale 3 | . . . . . . . . . . . . . . . . . . . . . . 1 . 1 1 . . Melee Attacks 239 | . . 2 7 10 . 3 54 8 . 24 1 . . . 6 52 . 3 14 7 9 5 9 11 4 . 10 Impact 126 | . . 2 7 10 . 3 42 3 . 13 . . . . 4 8 . . 14 6 9 . 5 . . . . Slashing 1 | . . . . . . . . . . . . . . . . . . . . . . . . . . . 1 Piercing 31 | . . . . . . . . . . . . . . . . . . . . . . 5 2 11 4 . 9 Sneak Attacks 99 | . . . . 1 . . 13 5 . 13 1 . . . 1 45 . 2 5 1 5 . 3 3 1 . . Combat Hostiles 10 | . . . . . . . . . . 1 . . . . . 3 . . . 1 4 . . . 1 . . Follow-up Attacks 1 | . . . . . . . . . . . . . . . . . . . . . . . . . . . 1 Damage Inflicted 24572 | 183 1234 662 1552 1929 683 712 987 3462 1708 1139 82 390 . 433 494 1017 360 1082 734 1268 713 233 1997 837 162 . 519 Guns 10981 | 183 1101 445 1397 1579 604 608 851 2234 1510 355 . . . . . . . . . . . . . . . . 114 Cannons 6510 | . . . . . . . . . . 279 82 390 . 433 445 634 360 1075 265 270 307 . 1743 . . . 227 Explosions 3392 | . 115 143 155 210 79 104 76 1228 198 . . . . . . . . . . 746 . . . 338 . . . Melee 3578 | . . . . 140 . . 60 . . 505 . . . . 49 371 . . 469 252 406 233 254 499 162 . 178 Ramming 111 | . 18 74 . . . . . . . . . . . . . 12 . 7 . . . . . . . . . Kinetic 1642 | 62 890 445 245 . . . . . . . . . . . . . . . . . . . . . . . . Thermal 11445 | 121 211 . 1152 694 79 104 76 619 1510 634 82 390 . 433 445 634 360 1075 265 270 307 . 1743 . . . 241 Explosive 2364 | . 115 143 155 . . . . 669 198 . . . . . . . . . . 746 . . . 338 . . . Electromagnetic 5432 | . . . . 1095 604 608 851 2174 . . . . . . . . . . . . . . . . . . 100 Impact 2474 | . . . . 140 . . 60 . . 505 . . . . 49 371 . . 469 252 406 . 222 . . . . Slashing 41 | . . . . . . . . . . . . . . . . . . . . . . . . . . . 41 Piercing 1063 | . . . . . . . . . . . . . . . . . . . . . . 233 32 499 162 . 137 Highest Corruption 11 | . 3 3 . 4 4 1 2 2 5 6 6 6 6 6 . . . . . . 7 7 6 8 11 9 . Average Corruption 3 | . 2 3 . 4 4 1 1 2 4 3 6 6 6 6 . . . . . . 6 2 3 7 9 9 . Corruption Purged 7 | . . . . . . . . . . . . . . . . . . . . . . 5 . . 2 . . Corruption Blocked 6 | . . . . . . . . . . . . . . . 2 . . . 3 1 . . . . . . . Effects 322 | . 27 23 . 12 21 7 25 28 31 18 20 16 4 23 . . . . . . 6 8 20 21 9 3 . Message Errors 68 | . 4 6 . 3 6 2 4 7 2 6 4 7 2 2 . . . . . . . . 4 6 2 1 . Matter Fused 81 | . 8 2 . 3 1 . 6 7 14 6 7 6 1 7 . . . . . . 2 . 4 3 4 . . Heat Flow Errors 39 | . 3 4 . 2 4 . 3 2 2 2 3 . . 4 . . . . . . . 2 4 2 1 1 . Energy Discharges 37 | . 4 2 . 1 4 1 3 3 1 . 3 2 . 4 . . . . . . 2 1 2 4 . . . Parts Rejected 3 | . . 1 . 1 . . . . . . . . . . . . . . . . . . . 1 . . . Parts Fused 3 | . . . . . . . . . . . . . . . . . . . . . . 2 . 1 . . . Data Loss (minor) 41 | . 4 2 . . . 2 5 4 3 3 . 1 1 3 . . . . . . 1 3 2 4 2 1 . Data Loss (major) 16 | . 1 2 . 1 2 . 2 . 1 1 1 . . 2 . . . . . . . . 3 . . . . Misfires 17 | . 1 3 . 1 1 1 2 3 3 . . . . . . . . . . . 1 . 1 . . . . Alerts 7 | . 1 . . . 1 1 . 1 1 . 2 . . . . . . . . . . . . . . . . Weapon Failures 10 | . 1 1 . . 2 . . 1 4 . . . . 1 . . . . . . . . . . . . . Overload Shots 9 | . . . . . . . . . . . . . . . . 1 8 . . . . . . . . . . Effects 1 | . . . . . . . . . . . . . . . . . 1 . . . . . . . . . . Heat Surge 1 | . . . . . . . . . . . . . . . . . 1 . . . . . . . . . . Overflow Damage 1282 | . 29 . . 37 18 . . 41 4 265 18 10 . 35 14 65 . 31 112 213 184 . 153 25 10 . 18 Projectiles 144 | . . . . . . . . . . 9 18 10 . 35 . . . 31 14 11 . . 16 . . . . Explosions 98 | . 29 . . 6 18 . . 41 4 . . . . . . . . . . . . . . . . . . Melee 1040 | . . . . 31 . . . . . 256 . . . . 14 65 . . 98 202 184 . 137 25 10 . 18 Knockbacks 11 | . . . . 1 . . . . . 3 . . . . . . . . 2 3 . . 2 . . . . Impact 10 | . . . . 1 . . . . . 3 . . . . . . . . 2 2 . . 2 . . . . Kinetic . | . . . . . . . . . . . . . . . . . . . . . . . . . . . . Secondary 1 | . . . . . . . . . . . . . . . . . . . . 1 . . . . . . . Self-Inflicted Damage 429 | . . . . 99 . 23 13 229 . . . . . . . 6 . 3 . . . . . 56 . . . Shots 12 | . . . . 3 . 1 1 6 . . . . . . . . . . . . . . . 1 . . . Rammed 21 | . 7 12 . . . . . . . . . . . . . 1 . 1 . . . . . . . . . Targets Rammed 22 | . 7 13 . . . . . . . . . . . . . 1 . 1 . . . . . . . . . Kicked . | . . . . . . . . . . . . . . . . . . . . . . . . . . . . Crushed 1 | . . 1 . . . . . . . . . . . . . . . . . . . . . . . . . Highest Temperature 677 | . 257 145 274 252 209 246 367 252 288 366 202 6 . 267 30 56 229 30 . 23 18 241 266 232 178 219 677 Average Temperature 88 | . 65 47 96 63 44 72 115 79 81 116 80 4 . 95 11 19 135 17 . 7 9 131 88 97 94 113 297 Received Heat Transfer 2542 | . 348 108 321 396 103 39 70 405 94 36 27 . . 18 . 124 . 18 135 156 45 . 99 . . . . Effects 31 | . . . . 3 . . 5 3 . 1 . . . 2 . . . . . . . . . . . . 17 Shutdowns 3 | . . . . . . . . . . . . . . . . . . . . . . . . . . . 3 Energy Bleed 3 | . . . . . . . . . . . . . . . . . . . . . . . . . . . 3 Interference 14 | . . . . 3 . . 5 3 . . . . . 2 . . . . . . . . . . . . 1 Matter Decay 3 | . . . . . . . . . . . . . . . . . . . . . . . . . . . 3 Short Circuit 2 | . . . . . . . . . . 1 . . . . . . . . . . . . . . . . 1 Damage (minor) 1 | . . . . . . . . . . . . . . . . . . . . . . . . . . . 1 Damage (major) 4 | . . . . . . . . . . . . . . . . . . . . . . . . . . . 4 Damage (core) 1 | . . . . . . . . . . . . . . . . . . . . . . . . . . . 1 Siege Activations . | . . . . . . . . . . . . . . . . . . . . . . . . . . . . Martial Activations . | . . . . . . . . . . . . . . . . . . . . . . . . . . . . Shielding Activations . | . . . . . . . . . . . . . . . . . . . . . . . . . . . . Robots Disrupted 3 | . . . . 1 . . 1 1 . . . . . . . . . . . . . . . . . . . Combat Hostiles 3 | . . . . 1 . . 1 1 . . . . . . . . . . . . . . . . . . . Robots Corrupted 18 | . . . . 1 . . . 4 . 3 . . . . 1 . . . 1 3 1 . 4 . . . . Combat Hostiles 7 | . . . . . . . . 3 . 1 . . . . . . . . . 3 . . . . . . . Parts Fried 55 | . . . . 8 4 8 3 15 . 5 . . . . 1 . . . 1 4 2 . 3 1 . . . Impact Corruptions 31 | . . . . 3 . . . . . 7 . . . . 1 1 . . 3 5 5 . 6 . . . . Robots Melted 7 | . . . 1 . . . . . 2 1 . . . . . 2 . . . 1 . . . . . . . Combat Hostiles 5 | . . . 1 . . . . . 2 1 . . . . . 1 . . . . . . . . . . . Parts Melted 42 | . . . 14 3 . . . 1 7 5 . . . . . 3 . 2 1 3 1 . 2 . . . . Heat Transferred 18135 | 275 487 . 2849 1508 100 50 100 811 2997 888 111 518 . 592 518 814 361 1480 370 370 370 . 2218 . . . 348 Parts Sabotaged . | . . . . . . . . . . . . . . . . . . . . . . . . . . . . Parts Stolen . | . . . . . . . . . . . . . . . . . . . . . . . . . . . . Parts Stripped . | . . . . . . . . . . . . . . . . . . . . . . . . . . . . Power Chain Reactions 22 | . . . . 6 2 2 1 11 . . . . . . . . . . . . . . . . . . . Alert | -11 -10 -10 -9 -9 -9 -8 -8 -8 -8 -7 -7 -7 -7 -6 -6 -6 -6 -6 -6 -6 -5 -5 -5 -5 -5 -5 -4 ------- Run | Yrd Mat Min Mat Sto Gar Mat Gar Mat Gar Fac Low Low Dat Pro Fac Ext Cet Arc Hub Gar Fac Was Fac Upp Upp War Pro Maximum Alert Level 3 | . . . 1 2 3 2 3 2 3 2 . . . . . 3 2 1 1 2 1 . 3 . . . . Low Security (%) 58 | 100 100 100 80 60 . 23 23 11 . 94 . . . . 100 72 . 59 95 . 93 100 10 . . . . Level 1 14 | . . . 19 31 15 52 19 20 18 3 . . . . . 11 18 40 4 51 6 . . . . . . Level 2 16 | . . . . 8 38 23 30 67 30 2 . . . . . 11 81 . . 48 . . 11 . . . . Level 3 11 | . . . . . 45 . 26 . 51 . . . . . . 5 . . . . . . 78 . . . . Level 4 . | . . . . . . . . . . . . . . . . . . . . . . . . . . . . Level 5 . | . . . . . . . . . . . . . . . . . . . . . . . . . . . . High Security . | . . . . . . . . . . . . . . . . . . . . . . . . . . . . Max Security . | . . . . . . . . . . . . . . . . . . . . . . . . . . . . Peak Influence 1080 | 15 145 94 248 484 912 466 995 683 1069 569 . . . . 38 747 488 330 359 576 303 8 1080 . . . . Initial 569 | . . 34 . 5 306 444 118 484 259 569 . . . . . . 411 150 . 239 296 8 . . . . . Average 250 | 2 61 22 137 185 651 266 499 402 691 37 . . . . 4 185 434 155 75 422 26 . 705 . . . . Influence Increases 12684 | 25 631 284 759 1076 636 257 977 1060 895 253 5 40 . 60 170 1467 166 280 576 407 239 . 2041 190 50 . 140 Destroy 0b10 Robot/C 6200 | . 420 240 460 460 380 140 460 520 480 120 . 20 . 40 80 700 80 80 140 220 120 . 760 120 40 . 120 Destroy 0b10 Robot/NC 440 | 25 25 5 50 30 . 20 5 100 . 30 5 10 . 5 15 15 5 35 10 5 5 . 40 . . . . Destroy Leader 1098 | . 90 30 136 120 10 34 30 148 40 42 . 10 . . 42 54 . . 62 30 30 . 150 10 10 . 20 Allied During Kill 1835 | . . 1 30 3 . . 154 20 4 . . . . . . 570 65 115 212 5 . . 656 . . . . Trap Triggered on 0b10 230 | . . . 20 10 . . 40 . 30 20 . . . . . . . . 50 10 20 . 30 . . . . Successful Hack 260 | . 8 . 14 2 44 7 21 18 16 18 . . . . 7 8 9 . 14 . 16 . 58 . . . . Disable Machine 420 | . . . 15 75 . . . 75 . 15 . . . . . 45 . 45 45 15 15 . 75 . . . . Anti-Garrison Action 550 | . . . . . 100 . 200 . 200 . . . . . . . . . . 50 . . . . . . . Destroy Structure 646 | . 13 8 19 31 42 11 52 89 35 8 . . . . 26 30 7 5 13 57 18 . 182 . . . . Partial Spotted 30 | . . . . . . . . . . . . . . . . . . . . . . . 30 . . . . Lose Combat Pursuer 975 | . 75 . 15 345 60 45 15 90 90 . . . . 15 . 45 . . 30 15 15 . 60 60 . . . Influence Decreases 12684 | 25 542 373 745 618 196 986 165 1656 210 1303 39 40 . 60 170 732 524 657 234 183 780 25 1389 614 278 . 140 Entered New Map 3170 | . . 55 . 9 166 468 65 511 140 515 14 . . . . . 324 227 . 103 270 17 . 242 44 . . Time Decay 5801 | 25 467 288 458 379 . 368 . 610 . 358 25 40 . 60 170 426 140 430 174 . 179 8 520 342 214 . 120 Lost Part 445 | . 20 10 . 40 30 . . 50 30 5 . . . . . 10 . . 20 20 30 . 110 30 20 . 20 Lost Ally 1136 | . . 20 60 40 . . 100 60 40 . . . . . . 296 60 . 40 60 20 . 340 . . . . Purge Threat 2132 | . 55 . 227 150 . 150 . 425 . 425 . . . . . . . . . . 281 . 419 . . . . Squads Dispatched 46 | . 3 1 2 4 . 1 . 3 . 5 . . . . 3 3 . . 8 . 5 . 8 . . . . Investigation 9 | . 2 . . . . . . 2 . . . . . . . 1 . . 1 . 2 . 1 . . . . Extermination 12 | . . . . . . . . . . 3 . . . . 3 . . . 2 . 2 . 2 . . . . Reinforcement 16 | . 1 . 2 2 . 1 . 1 . 2 . . . . . 1 . . 2 . 1 . 3 . . . . Assault 6 | . . 1 . 2 . . . . . . . . . . . 1 . . . . . . 2 . . . . Garrison 3 | . . . . . . . . . . . . . . . . . . . 3 . . . . . . . . Intercept . | . . . . . . . . . . . . . . . . . . . . . . . . . . . . Searches Triggered . | . . . . . . . . . . . . . . . . . . . . . . . . . . . . Data Miner Redirects 3 | . . . . . . . . . . . . . . . . 1 . . . . 1 . 1 . . . . Construction Impeded . | . . . . . . . . . . . . . . . . . . . . . . . . . . . . Haulers Reinforced 1 | . . . . . . . . . . . . . . . . . . . . . . . 1 . . . . Active Scanning Responses . | . . . . . . . . . . . . . . . . . . . . . . . . . . . . Cargo Convoy Interrupts 1 | . . . . . . . . . . . . . . . . . . . . . . . 1 . . . . Alert ID Control Effect 2 | . . . . . . . . . . . . . . . . . . . . 1 1 . . . . . . Stealth | -11 -10 -10 -9 -9 -9 -8 -8 -8 -8 -7 -7 -7 -7 -6 -6 -6 -6 -6 -6 -6 -5 -5 -5 -5 -5 -5 -4 --------- Run | Yrd Mat Min Mat Sto Gar Mat Gar Mat Gar Fac Low Low Dat Pro Fac Ext Cet Arc Hub Gar Fac Was Fac Upp Upp War Pro Distress Signals 18 | . 1 . 2 3 . . . 1 . 1 . . . 1 . 1 1 . 2 . 1 . 4 . . . . Communications Jammed . | . . . . . . . . . . . . . . . . . . . . . . . . . . . . Distress Signals . | . . . . . . . . . . . . . . . . . . . . . . . . . . . . Times Spotted 496 | . 32 15 37 42 21 12 21 38 29 13 5 1 . 3 6 37 5 39 17 20 19 . 58 13 3 . 10 Peak Tracking Total 12 | . 6 4 5 12 6 2 3 5 5 3 9 1 . 2 1 6 5 1 5 7 7 . 7 5 2 . 4 Tactical Retreats 39 | . 3 . 1 9 1 3 1 5 4 . . . . 1 . 3 . . 1 1 1 . 3 2 . . . Traps | -11 -10 -10 -9 -9 -9 -8 -8 -8 -8 -7 -7 -7 -7 -6 -6 -6 -6 -6 -6 -6 -5 -5 -5 -5 -5 -5 -4 ------- Run | Yrd Mat Min Mat Sto Gar Mat Gar Mat Gar Fac Low Low Dat Pro Fac Ext Cet Arc Hub Gar Fac Was Fac Upp Upp War Pro Traps Triggered 44 | . 4 . 1 1 3 1 7 2 11 . . . . . . 3 . . . 7 2 . 1 . . 1 . Indirectly . | . . . . . . . . . . . . . . . . . . . . . . . . . . . . Trap Hack Attempts 220 | . 56 . . 14 . . . . . 87 . . . . . 46 . . . . . . 17 . . . . Triggered 1 | . 1 . . . . . . . . . . . . . . . . . . . . . . . . . . Disarmed 3 | . . . . 1 . . . . . 1 . . . . . . . . . . . . 1 . . . . Reprogrammed 33 | . 5 . 6 3 . 4 . . . 6 . . . . . 6 . . . . . . 3 . . . . Reused 28 | . . . 2 1 . . 4 . 3 2 . . . 2 . . . . 5 1 2 . 3 2 1 . . Traps Extracted 33 | . 5 . 6 3 . 4 . . . 5 4 1 . . . . . . . 1 . . 4 . . . . Installed 33 | . . . 2 1 . . 5 1 3 2 . . . 2 . . . . 5 2 2 . 4 3 1 . . Triggered 28 | . . . 2 1 . . 4 . 3 2 . . . 2 . . . . 5 1 2 . 3 2 1 . . Most Traps Carried 18 | . 5 5 10 11 11 15 15 10 9 10 14 15 15 18 16 16 16 16 16 11 10 8 9 8 5 4 4 Machines | -11 -10 -10 -9 -9 -9 -8 -8 -8 -8 -7 -7 -7 -7 -6 -6 -6 -6 -6 -6 -6 -5 -5 -5 -5 -5 -5 -4 ---------- Run | Yrd Mat Min Mat Sto Gar Mat Gar Mat Gar Fac Low Low Dat Pro Fac Ext Cet Arc Hub Gar Fac Was Fac Upp Upp War Pro Machines Disabled 35 | . . . 1 5 1 . 1 5 2 1 . . . . . 5 . 3 3 2 1 . 5 . . . . Max in Single Turn 1 | . . . . 1 1 . 1 1 1 1 . . . . . 1 . 1 1 1 1 . 1 . . . . Garrison Access 6 | . . . . . . . . . . 2 . . . . 2 . . . . . 1 . 1 . . . . Garrison Relay 5 | . . . . . 1 . 1 . 2 . . . . . . . . . . 1 . . . . . . . Network Hub 1 | . . . . . . . . . . . . . . . . . . . 1 . . . . . . . . Machines Repaired . | . . . . . . . . . . . . . . . . . . . . . . . . . . . . Machines Dismantled . | . . . . . . . . . . . . . . . . . . . . . . . . . . . . Machines Sabotaged . | . . . . . . . . . . . . . . . . . . . . . . . . . . . . Overloaded Fab Kills . | . . . . . . . . . . . . . . . . . . . . . . . . . . . . Hacking | -11 -10 -10 -9 -9 -9 -8 -8 -8 -8 -7 -7 -7 -7 -6 -6 -6 -6 -6 -6 -6 -5 -5 -5 -5 -5 -5 -4 --------- Run | Yrd Mat Min Mat Sto Gar Mat Gar Mat Gar Fac Low Low Dat Pro Fac Ext Cet Arc Hub Gar Fac Was Fac Upp Upp War Pro Machines Accessed 85 | . 8 . 8 7 4 5 3 10 1 6 1 . 3 . 5 4 1 . 2 . 7 . 9 . 1 . . Terminals 55 | . 7 . 6 6 4 2 3 7 1 3 . . . . 2 4 1 . 1 . 2 . 6 . . . . Fabricators 1 | . . . . . . . . . . . . . . . . . . . . . 1 . . . . . . Repair Stations 13 | . 1 . 2 . . 2 . 2 . 1 . . . . 1 . . . . . 3 . 1 . . . . Recycling Units 1 | . . . . . . . . . . . . . . . . . . . . . . . 1 . . . . Scanalyzers . | . . . . . . . . . . . . . . . . . . . . . . . . . . . . Garrison Access 10 | . . . . 1 . 1 . 1 . 2 . . . . 2 . . . 1 . 1 . 1 . . . . Total Hacks 280 | . 31 . 27 12 7 26 7 26 2 23 1 . 23 . 13 6 2 . 3 . 36 . 34 . 1 . . Successful 166 | . 22 . 19 5 3 19 2 13 1 16 1 . 23 . 4 1 1 . 2 . 15 . 18 . 1 . . Failed 113 | . 8 . 8 7 4 7 5 13 1 7 . . . . 9 5 1 . 1 . 21 . 16 . . . . Catastrophic 18 | . . . 3 1 1 1 1 3 . 2 . . . . 1 2 . . . . . . 3 . . . . Database Lockouts 1 | . 1 . . . . . . . . . . . . . . . . . . . . . . . . . . Manual 117 | . 17 . 13 . . 10 . 9 . 14 . . . . 7 3 1 . 1 . 23 . 19 . . . . Terminals 177 | . 21 . 19 11 7 11 7 17 2 14 . . . . 7 6 2 . 2 . 24 . 27 . . . . Fabricators 3 | . . . . . . . . . . . . . . . . . . . . . 3 . . . . . . Repair Stations 62 | . 10 . 8 . . 14 . 8 . 7 . . . . 3 . . . . . 8 . 4 . . . . Recycling Units 2 | . . . . . . . . . . . . . . . . . . . . . . . 2 . . . . Scanalyzers . | . . . . . . . . . . . . . . . . . . . . . . . . . . . . Garrison Access 11 | . . . . 1 . 1 . 1 . 2 . . . . 3 . . . 1 . 1 . 1 . . . . Terminal Hacks 78 | . 4 . 7 4 3 3 2 5 1 3 1 . 23 . 1 1 1 . 1 . 7 . 10 . 1 . . Record 6 | . . . . . . . . . . . . . 6 . . . . . . . . . . . . . . Part Schematic 11 | . . . . . . . . . . . . . 10 . . 1 . . . . . . . . . . . Robot Schematic 4 | . . . . . . . . . . . . . 4 . . . . . . . . . . . . . . Robot Analysis 1 | . 1 . . . . . . . . . . . . . . . . . . . . . . . . . . Prototype ID Bank 7 | . 1 . 1 . . . . 1 . . . . 3 . . . . . . . 1 . . . . . . Open Door 5 | . . . . 1 . . 1 . . . 1 . . . . . 1 . . . . . . . 1 . . Branch Access Points 1 | . . . . . . . . . . . . . . . . . . . . . . . 1 . . . . Emergency Access Points 1 | . . . . . 1 . . . . . . . . . . . . . . . . . . . . . . Terminal Index 4 | . . . . . . . . 1 . 1 . . . . . . . . . . 1 . 1 . . . . Fabricator Index 2 | . . . . . . . . . . . . . . . . . . . . . 1 . 1 . . . . Garrison Index 2 | . . . . . . . . . . . . . . . . . . . . . 1 . 1 . . . . Alert Level 1 | . 1 . . . . . . . . . . . . . . . . . . . . . . . . . . Unreport Threat 12 | . 1 . 2 1 . 1 . 1 . 1 . . . . . . . . . . 2 . 3 . . . . Locate Traps 11 | . . . 3 2 . 1 . 2 . 1 . . . . . . . . 1 . . . 1 . . . . Reprogram Traps 2 | . . . 1 . . 1 . . . . . . . . . . . . . . . . . . . . . Hauler Manifests 1 | . . . . . . . . . . . . . . . . . . . . . . . 1 . . . . Registered Components 3 | . . . . . . . . . . . . . . . 1 . . . . . 1 . 1 . . . . Garrison Registry 1 | . . . . . 1 . . . . . . . . . . . . . . . . . . . . . . Patrol Navigation 1 | . . . . . . . 1 . . . . . . . . . . . . . . . . . . . . Security Stations 2 | . . . . . 1 . . . 1 . . . . . . . . . . . . . . . . . . Fabricator Hacks 1 | . . . . . . . . . . . . . . . . . . . . . 1 . . . . . . Load Schematic 1 | . . . . . . . . . . . . . . . . . . . . . 1 . . . . . . Repair Station Hacks 49 | . 10 . 8 . . 12 . 5 . 6 . . . . . . . . . . 4 . 4 . . . . Scan Component 25 | . 5 . 4 . . 6 . 3 . 3 . . . . . . . . . . 2 . 2 . . . . Repair 24 | . 5 . 4 . . 6 . 2 . 3 . . . . . . . . . . 2 . 2 . . . . Recycling Unit Hacks 1 | . . . . . . . . . . . . . . . . . . . . . . . 1 . . . . Retrieve Components 1 | . . . . . . . . . . . . . . . . . . . . . . . 1 . . . . Scanalyzer . | . . . . . . . . . . . . . . . . . . . . . . . . . . . . Garrison Access Hacks 10 | . . . . 1 . 1 . 1 . 2 . . . . 2 . . . 1 . 1 . 1 . . . . Unlock Access 4 | . . . . 1 . 1 . 1 . . . . . . . . . . 1 . . . . . . . . Seal Access 6 | . . . . . . . . . . 2 . . . . 2 . . . . . 1 . 1 . . . . Unauthorized Hacks 27 | . 8 . 4 . . 3 . 2 . 5 . . . . 1 . . . . . 2 . 2 . . . . Terminals 25 | . 8 . 4 . . 3 . 2 . 5 . . . . . . . . . . 1 . 2 . . . . Assimilate 1 | . . . . . . . . . . . . . . . . . . . . . . . 1 . . . . Botnet 16 | . 3 . 4 . . 2 . 2 . 3 . . . . . . . . . . 1 . 1 . . . . Operators 3 | . . . . . . 1 . . . 2 . . . . . . . . . . . . . . . . . Skim 5 | . 5 . . . . . . . . . . . . . . . . . . . . . . . . . . Fabricators 1 | . . . . . . . . . . . . . . . . . . . . . 1 . . . . . . Recompile 1 | . . . . . . . . . . . . . . . . . . . . . 1 . . . . . . Repair Stations . | . . . . . . . . . . . . . . . . . . . . . . . . . . . . Recycling Units . | . . . . . . . . . . . . . . . . . . . . . . . . . . . . Scanalyzers . | . . . . . . . . . . . . . . . . . . . . . . . . . . . . Garrison Access 1 | . . . . . . . . . . . . . . . 1 . . . . . . . . . . . . Restock 1 | . . . . . . . . . . . . . . . 1 . . . . . . . . . . . . Data Cores Recovered . | . . . . . . . . . . . . . . . . . . . . . . . . . . . . Used . | . . . . . . . . . . . . . . . . . . . . . . . . . . . . Hacking Detections 64 | . 6 . 7 5 4 4 1 9 1 4 . . . . 4 4 1 . 2 . 5 . 7 . . . . Full Trace Events 3 | . . . . . 1 . 1 . . . . . . . . . . . . . . . 1 . . . . Feedback Events 1 | . . . . . . . . . . . . . . . . . . . . . . . 1 . . . . Corruption 1 | . . . . . . . . . . . . . . . . . . . . . . . 1 . . . . Feedback Blocked . | . . . . . . . . . . . . . . . . . . . . . . . . . . . . Robot Schematics Acquired 4 | . . . . . . . . . . . . . 4 . . . . . . . . . . . . . . Robots Built . | . . . . . . . . . . . . . . . . . . . . . . . . . . . . Authchips . | . . . . . . . . . . . . . . . . . . . . . . . . . . . . Time . | . . . . . . . . . . . . . . . . . . . . . . . . . . . . Total Robot Build Rating . | . . . . . . . . . . . . . . . . . . . . . . . . . . . . Part Schematics Acquired 11 | . . . . . . . . . . . . . 10 . . 1 . . . . . . . . . . . Parts Built . | . . . . . . . . . . . . . . . . . . . . . . . . . . . . Authchips . | . . . . . . . . . . . . . . . . . . . . . . . . . . . . Time . | . . . . . . . . . . . . . . . . . . . . . . . . . . . . Total Part Build Rating . | . . . . . . . . . . . . . . . . . . . . . . . . . . . . Parts Repaired 24 | . 5 . 4 . . 6 . 2 . 3 . . . . . . . . . . 2 . 2 . . . . Time 1034 | . 180 . 160 . . 217 . 83 . 114 . . . . . . . . . . 140 . 140 . . . . Parts Recycled . | . . . . . . . . . . . . . . . . . . . . . . . . . . . . Recycled Matter . | . . . . . . . . . . . . . . . . . . . . . . . . . . . . Retrieved Matter . | . . . . . . . . . . . . . . . . . . . . . . . . . . . . Retrieved Components 10 | . . . . . . . . . . . . . . . . . . . . . . . 10 . . . . Parts Scanalyzed . | . . . . . . . . . . . . . . . . . . . . . . . . . . . . Part Schematics Acquired . | . . . . . . . . . . . . . . . . . . . . . . . . . . . . Parts Damaged . | . . . . . . . . . . . . . . . . . . . . . . . . . . . . Bothacking | -11 -10 -10 -9 -9 -9 -8 -8 -8 -8 -7 -7 -7 -7 -6 -6 -6 -6 -6 -6 -6 -5 -5 -5 -5 -5 -5 -4 ------------ Run | Yrd Mat Min Mat Sto Gar Mat Gar Mat Gar Fac Low Low Dat Pro Fac Ext Cet Arc Hub Gar Fac Was Fac Upp Upp War Pro Used RIF Installer 5 | . . . . . 1 . 1 . 2 . . . . . . . . . . 1 . . . . . . . Command Fork 2 | . . . . . . . . . 2 . . . . . . . . . . . . . . . . . . Patrol Navigation 1 | . . . . . . . 1 . . . . . . . . . . . . . . . . . . . . Alert ID Control 1 | . . . . . . . . . . . . . . . . . . . . 1 . . . . . . . Robots Hacked 34 | . . . . . . . . 2 . 5 1 . . . 1 11 . 3 . 3 5 . 3 . . . . Non-combat 21 | . . . . . . . . 2 . 4 1 . . . 1 6 . 3 . . 1 . 3 . . . . Combat 13 | . . . . . . . . . . 1 . . . . . 5 . . . 3 4 . . . . . . Robot Hacks Applied 40 | . . . . . . . . 5 . 7 1 . . . 1 12 . 3 . 3 5 . 3 . . . . parse_system 2 | . . . . . . . . . . . . . . . . 1 . 1 . . . . . . . . . no_distress 1 | . . . . . . . . . . . . . . . . . . . . . . . 1 . . . . generate_echo 2 | . . . . . . . . 1 . . 1 . . . . . . . . . . . . . . . . find_chute 1 | . . . . . . . . . . 1 . . . . . . . . . . . . . . . . . ignore_repairs 3 | . . . . . . . . . . . . . . . . 3 . . . . . . . . . . . drop_inventory 8 | . . . . . . . . . . 2 . . . . 1 3 . . . . 1 . 1 . . . . check_alert 2 | . . . . . . . . . . . . . . . . . . 2 . . . . . . . . . purge_threat 4 | . . . . . . . . 2 . 2 . . . . . . . . . . . . . . . . . reprogram_traps 2 | . . . . . . . . 1 . 1 . . . . . . . . . . . . . . . . . summon_haulers 1 | . . . . . . . . 1 . . . . . . . . . . . . . . . . . . . disable_weapons 1 | . . . . . . . . . . . . . . . . 1 . . . . . . . . . . . reboot_system 4 | . . . . . . . . . . . . . . . . 1 . . . 1 2 . . . . . . overwrite_iff 7 | . . . . . . . . . . 1 . . . . . 3 . . . 1 2 . . . . . . formatsys_high 2 | . . . . . . . . . . . . . . . . . . . . 1 . . 1 . . . . Relay Couplers Released 27 | . . . . . 5 . 4 . 8 . . . . . 5 . . . . 5 . . . . . . . Machine Destruction 24 | . . . . . 5 . 4 . 8 . . . . . 2 . . . . 5 . . . . . . . Programmers 3 | . . . . . . . . . . . . . . . 3 . . . . . . . . . . . . Attached 12 | . . . . . . . . 1 . 3 . . . . . 1 . 1 . 3 1 . 2 . . . . Fabnet Peak Effective % . | . . . . . . . . . . . . . . . . . . . . . . . . . . . . Robots Rewired 25 | . . . . . . . 6 . 2 . . . . . . 17 . . . . . . . . . . . Allies Hacked 2 | . . . . . . . . . . . . . . . . . . . . . . . 2 . . . . Hacks Repelled . | . . . . . . . . . . . . . . . . . . . . . . . . . . . . Allies | -11 -10 -10 -9 -9 -9 -8 -8 -8 -8 -7 -7 -7 -7 -6 -6 -6 -6 -6 -6 -6 -5 -5 -5 -5 -5 -5 -4 -------- Run | Yrd Mat Min Mat Sto Gar Mat Gar Mat Gar Fac Low Low Dat Pro Fac Ext Cet Arc Hub Gar Fac Was Fac Upp Upp War Pro Total Allies 91 | . . 4 . 2 . . 8 . 2 2 . . . . . 37 5 . . 4 4 20 3 . . . . Largest Group 20 | . . 3 3 2 . . 6 3 2 2 . . . . . 18 12 11 10 3 2 20 20 . . . . Highest-Rated Group 799 | . . 40 40 62 . . 138 77 32 32 . . . . . 692 799 784 632 93 24 745 745 . . . . Highest-Rated Ally 159 | . . 31 16 31 . . 31 31 16 16 . . . . . 159 159 152 96 32 12 50 112 . . . . Total Orders 22 | . . . . . . . 12 . . . . . . . . 2 . . 2 4 . . 2 . . . . STAY 11 | . . . . . . . 6 . . . . . . . . 1 . . 1 2 . . 1 . . . . FOLLOW 11 | . . . . . . . 6 . . . . . . . . 1 . . 1 2 . . 1 . . . . Ally Attacks 646 | . . 3 42 11 . . 47 24 4 . . . . . . 221 23 17 46 8 8 . 192 . . . . Total Damage 15167 | . . 65 384 126 . . 1065 441 53 . . . . . . 5113 474 639 1485 154 63 . 5105 . . . . Kills 105 | . . 1 6 2 . . 12 4 1 . . . . . . 37 4 3 8 1 1 . 25 . . . . Allies Corrupted 3 | . . . . . . . . . . 1 . . . . . . . . 1 . . . 1 . . . . Allies Melted 1 | . . . . . . . . . . . . . . . . . . . . 1 . . . . . . . Intel | -11 -10 -10 -9 -9 -9 -8 -8 -8 -8 -7 -7 -7 -7 -6 -6 -6 -6 -6 -6 -6 -5 -5 -5 -5 -5 -5 -4 ------- Run | Yrd Mat Min Mat Sto Gar Mat Gar Mat Gar Fac Low Low Dat Pro Fac Ext Cet Arc Hub Gar Fac Was Fac Upp Upp War Pro Active Infowar (turns) 16550 | 97 1291 1131 1469 100 . . . 848 . 1814 720 507 108 943 1630 1536 18 . 663 114 1002 . 994 500 558 189 318 Sensors 8969 | . . . . . . . . . . 1223 624 477 108 941 1486 1333 . . 555 . 998 . 994 . . . 230 Terrain 6 | . . . . . . . . 3 . 3 . . . . . . . . . . . . . . . . . Traps 9114 | . . . . . . . . 845 . 1406 718 507 108 922 1630 1536 18 . 629 114 681 . . . . . . Seismic 4088 | 97 1291 1131 1469 100 . . . . . . . . . . . . . . . . . . . . . . . Jamming 1576 | . . . . . . . . . . . . . . . . 15 . . . . . . . 500 558 189 314 Robot Analysis Total 1 | . 1 . . . . . . . . . . . . . . . . . . . . . . . . . . Derelict Logs Recovered 10 | . . 3 . . . . . . . . 2 . . 2 . . . . . . . . . 1 1 . 1 Drone Launches . | . . . . . . . . . . . . . . . . . . . . . . . . . . . . Drone Recoveries . | . . . . . . . . . . . . . . . . . . . . . . . . . . . . Exploration | -11 -10 -10 -9 -9 -9 -8 -8 -8 -8 -7 -7 -7 -7 -6 -6 -6 -6 -6 -6 -6 -5 -5 -5 -5 -5 -5 -4 ------------- Run | Yrd Mat Min Mat Sto Gar Mat Gar Mat Gar Fac Low Low Dat Pro Fac Ext Cet Arc Hub Gar Fac Was Fac Upp Upp War Pro Turns Passed 29480 | 173 1929 1131 1487 979 747 855 1619 1990 1281 1870 720 507 108 977 1630 1536 281 1133 663 625 1256 397 1459 763 558 189 2617 Spaces Moved 14251 | 76 858 602 668 504 497 355 888 1046 749 1098 520 350 81 504 850 865 103 340 393 332 748 257 719 343 258 93 154 Core 116 | 13 . . . . . . . . . . . . . . . . . . . . . . . . . . 103 Treads 1670 | 63 858 602 112 . . . . . . . . . . . . . . . . . . . . . . . 35 Legs . | . . . . . . . . . . . . . . . . . . . . . . . . . . . . Wheels 12465 | . . . 556 504 497 355 888 1046 749 1098 520 350 81 504 850 865 103 340 393 332 748 257 719 343 258 93 16 Hover . | . . . . . . . . . . . . . . . . . . . . . . . . . . . . Flight . | . . . . . . . . . . . . . . . . . . . . . . . . . . . . Fastest Speed 50 | 50 160 160 120 120 120 120 120 120 120 115 130 130 130 130 113 120 138 138 123 126 126 126 125 150 165 205 205 Average Speed 154 | 158 160 160 136 120 120 124 134 133 124 134 130 130 130 130 130 127 138 138 134 136 131 136 139 199 206 205 1650 Slowest Speed 2250 | 200 160 160 240 120 120 135 135 135 135 200 130 130 130 145 145 138 138 138 160 141 141 141 205 220 220 205 2250 Overloaded Moves . | . . . . . . . . . . . . . . . . . . . . . . . . . . . . Propulsion Burnouts . | . . . . . . . . . . . . . . . . . . . . . . . . . . . . Robots Hopped . | . . . . . . . . . . . . . . . . . . . . . . . . . . . . Potential Cave-ins . | . . . . . . . . . . . . . . . . . . . . . . . . . . . . Cave-ins Triggered . | . . . . . . . . . . . . . . . . . . . . . . . . . . . . Exploration Rate (%) 54 | 5 99 98 74 70 58 43 80 82 68 24 72 52 69 57 19 83 57 84 19 37 18 94 27 64 38 15 28 Regions Visited 27 Branch Regions 14 Pre-discovered Areas 4 | . . 3 . . . . . . . . . . 1 . . . . . . . . . . . . . . Known Exits Taken 19 | . . 1 1 1 . 1 . 1 . 1 1 1 1 1 1 1 1 1 1 . . . 1 1 1 1 . Unknown Exits Taken 2 | 1 1 . . . . . . . . . . . . . . . . . . . . . . . . . . Scrap Searched 18 | . . 3 . . . . . . . . 5 . . 2 . . . . . . . . . 3 3 . 2 Spaces Dug 87 | . . 1 3 1 . 3 23 3 . 7 1 . . 1 26 5 . . 4 . 6 . 3 . . . . Terrain Destroyed 378 | . 10 6 16 27 7 10 27 92 5 8 1 1 . 1 31 5 2 5 4 48 7 . 14 45 . . 6 Melee 55 | . . 1 3 1 . 3 23 3 . 7 . . . . 2 3 . . 3 . 4 . 2 . . . . Projectile 64 | . . . . . . . . . . 1 1 1 . 1 29 2 2 5 1 . 3 . 12 . . . 6 AOE 259 | . 10 5 13 26 7 7 4 89 5 . . . . . . . . . . 48 . . . 45 . . . Terrain Rammed . | . . . . . . . . . . . . . . . . . . . . . . . . . . . . Walls Destroyed . | . . . . . . . . . . . . . . . . . . . . . . . . . . . . Machines Disabled . | . . . . . . . . . . . . . . . . . . . . . . . . . . . . Actions | -11 -10 -10 -9 -9 -9 -8 -8 -8 -8 -7 -7 -7 -7 -6 -6 -6 -6 -6 -6 -6 -5 -5 -5 -5 -5 -5 -4 --------- Run | Yrd Mat Min Mat Sto Gar Mat Gar Mat Gar Fac Low Low Dat Pro Fac Ext Cet Arc Hub Gar Fac Was Fac Upp Upp War Pro Total 19938 | 102 1301 711 1105 752 576 718 1136 1451 964 1413 551 382 84 789 1276 1230 231 947 487 457 962 296 1060 388 275 92 202 Wait 3405 | . 272 51 325 94 15 307 85 260 15 107 13 20 . 250 343 156 113 533 49 24 137 10 202 7 1 . 16 Move 14228 | 75 857 601 667 503 496 355 887 1046 748 1097 519 349 80 503 849 864 102 339 393 331 748 256 718 342 257 92 154 Hop . | . . . . . . . . . . . . . . . . . . . . . . . . . . . . Pick Up 149 | 8 19 3 9 9 4 10 1 7 4 12 1 . . 2 10 3 3 3 3 5 10 5 8 5 4 . 1 Fast Attach 59 | 6 7 1 6 7 . 3 . 5 1 2 1 . 2 1 2 . . . . 1 1 1 3 6 1 . 2 Attach 65 | 1 . 1 2 2 3 3 . 3 4 6 . . . . 2 1 . 1 1 5 7 . 14 4 2 . 3 Detach 18 | . . . . 2 . . . . 1 1 1 . . . 1 . . 1 . 1 1 3 5 1 . . . Swap 365 | . 15 9 22 24 5 8 23 33 8 43 12 4 . 9 15 33 4 4 12 23 19 9 21 1 4 . 5 Drop 119 | . 14 5 6 15 2 7 4 5 1 12 . . 2 3 4 9 3 4 3 3 4 6 5 . 1 . 1 Fire 784 | 12 54 25 59 63 35 22 41 83 64 20 3 9 . 19 44 40 6 58 7 23 24 . 54 8 . . 11 Melee 238 | . . 2 7 10 . 3 54 8 . 24 1 . . . 6 52 . 3 14 7 9 5 9 11 4 . 9 Ram 2 | . . . . . . . . . . . . . . . . 1 . 1 . . . . . . . . . Kick . | . . . . . . . . . . . . . . . . . . . . . . . . . . . . Crush 20 | . 7 13 . . . . . . . . . . . . . . . . . . . . . . . . . Escape Stasis 194 | . . . . 8 16 . 36 . 78 . . . . . . 24 . . . 32 . . . . . . . Rewire 39 | . . . . . . . . . 37 . . . . . . 1 . . . . . 1 . . . . . Trap 253 | . 56 . 2 15 . . 5 1 3 89 . . . 2 . 46 . . 5 2 2 . 21 3 1 . . Miscellaneous . | . . . . . . . . . . . . . . . . . . . . . . . . . . . . Route ------- -11/Scrapyard -10/Materials (discovered 5 exits: *Mat x3 / [*Min] / *Sub) -10/Mines (discovered 3 exits: *Mat x2 / Sub) -9/Materials (discovered 3 exits: *Mat / [*Min] / *Sto) -9/Storage -9/Garrison (discovered 3 exits: *Mat x3) -8/Materials (discovered 2 exits: *Fac / Gar) -8/Garrison (discovered 2 exits: *Mat x2) -8/Materials (discovered 2 exits: *Fac / Gar) -8/Garrison (discovered 2 exits: *Fac x2) -7/Factory -7/Lower Caves -7/Lower Caves -7/Data Miner -6/Proximity Caves -6/Factory (discovered 2 exits: *Low / *Ext) -6/Extension (discovered 2 exits: *Fac / *Cet) -6/Cetus -6/Archives (discovered 3 exits: *Fac / *Hub x2) -6/Hub_04(d) (discovered 2 exits: *Fac / Gar) -6/Garrison -5/Factory -5/Waste -5/Factory (discovered 2 exits: *Upp x2) -5/Upper Caves -5/Upper Caves -5/Warlord -4/Proximity Caves History --------- Turn | Location | Event 25 | -11/Scrapyard | Discovered new exit (range 15) 174 | -11/Scrapyard | Entered Materials 308 | -10/Materials | Build established: Mutant 403 | -10/Materials | Discovered new exit (range 8) 663 | -10/Materials | Discovered new exit (range 11) 902 | -10/Materials | Discovered new exit (range 7) 947 | -10/Materials | Repaired Lgt. Treads 975 | -10/Materials | Repaired Lgt. Treads 1027 | -10/Materials | Repaired Imp. Assault Rifle 1080 | -10/Materials | Repaired Imp. Assault Rifle 1107 | -10/Materials | Repaired Ion Engine 1224 | -10/Materials | Discovered new exit (range 8) 1245 | -10/Materials | Discovered new exit (range 16) 1450 | -10/Materials | Central database locked down 1508 | -10/Materials | Loaded intel: 6 trap records 1628 | -10/Materials | Identified exit to Materials 1628 | -10/Materials | Identified exit to Subcaves 1656 | -10/Materials | Learned Storage emergency access door positions 1677 | -10/Materials | Learned 4 Recycling zone layouts 1710 | -10/Materials | Learned location of 1 exit from Recycling 2103 | -10/Materials | Entered Mines 2199 | -10/Mines | Discovered exit to Materials (range 5) 2292 | -10/Mines | Met a Derelict testing a Signal Generator 2300 | -10/Mines | Learned location of Storage (-9) 2436 | -10/Mines | Core integrity fell below 50% 2512 | -10/Mines | Learned location of Zion (-6) 2556 | -10/Mines | Discovered exit to Materials (range 10) 2795 | -10/Mines | Received a Rocket Launcher from a helpful Derelict 3009 | -10/Mines | Assisted by bots powering up and referring to "LRC-V3" 3234 | -10/Mines | Entered Materials 3234 | -9/Materials | Accompanied by 3 allies 3234 | -9/Materials | Evolved 2 slots: Utility x2 3235 | -9/Materials | Identified exit to Storage 3709 | -9/Materials | Repaired Ion Engine 4060 | -9/Materials | Repaired Med. Armor Plating 4113 | -9/Materials | Repaired Imp. Medium Laser 4123 | -9/Materials | Build established: Trapper-Mutant 4165 | -9/Materials | Repaired Cld. Ion Engine 4307 | -9/Materials | Discovered new exit (range 10) 4578 | -9/Materials | Discovered new exit (range 16) 4721 | -9/Materials | Entered Storage 4936 | -9/Storage | Met a pair of Derelict thieves 5697 | -9/Storage | Identified exit to Garrison 5700 | -9/Storage | Entered Garrison 5774 | -9/Garrison | Triggered checkpoint 5818 | -9/Garrison | Learned Materials security intel 5919 | -9/Garrison | Discovered new exit (range 5) 6000 | -9/Garrison | Triggered checkpoint 6108 | -9/Garrison | Discovered new exit (range 37) 6108 | -9/Garrison | Discovered new exit (range 24) 6108 | -9/Garrison | Discovered new exit (range 66) 6366 | -9/Garrison | Installed Relay Interface Framework 6416 | -9/Garrison | Garrison Relay disabled 6447 | -9/Garrison | Entered Materials 6447 | -8/Materials | Evolved 2 slots: Utility x2 6917 | -8/Materials | Repaired Arm. Wheel 6950 | -8/Materials | Repaired Arm. Wheel 6983 | -8/Materials | Repaired Arm. Wheel 7016 | -8/Materials | Repaired Imp. Ion Engine 7172 | -8/Materials | Repaired Imp. EM Shotgun 7211 | -8/Materials | Repaired Hardlight Generator 7274 | -8/Materials | Discovered new exit (range 10) 7302 | -8/Materials | Identified exit to Garrison 7302 | -8/Materials | Entered Garrison 7606 | -8/Garrison | Garrison Relay disabled 7904 | -8/Garrison | Triggered checkpoint 7911 | -8/Garrison | Triggered checkpoint 7937 | -8/Garrison | Triggered checkpoint 8038 | -8/Garrison | Triggered checkpoint 8094 | -8/Garrison | Triggered checkpoint 8390 | -8/Garrison | Triggered checkpoint 8427 | -8/Garrison | Expanded RIF knowledge: Patrol Navigation 8494 | -8/Garrison | Triggered checkpoint 8585 | -8/Garrison | Lost 5 allies 8592 | -8/Garrison | Rescued a captive Derelict 8597 | -8/Garrison | Rescued a captive Derelict 8689 | -8/Garrison | Discovered new exit (range 8) 8812 | -8/Garrison | Discovered new exit (range 9) 8921 | -8/Garrison | Entered Materials 8921 | -8/Materials | Accompanied by 3 allies 9194 | -8/Materials | Repaired Imp. EM Shotgun 9206 | -8/Materials | Discovered new exit (range 16) 9596 | -8/Materials | Repaired Imp. Ion Engine 10320 | -8/Materials | Lost 3 parts (2u1w) 10911 | -8/Materials | Identified exit to Garrison 10911 | -8/Materials | Entered Garrison 10929 | -8/Garrison | Triggered checkpoint 11164 | -8/Garrison | Triggered checkpoint 11178 | -8/Garrison | Core integrity fell below 50% 11385 | -8/Garrison | Learned Factory security intel 11407 | -8/Garrison | Core integrity fell below 20% 11443 | -8/Garrison | Expanded RIF knowledge: Command Fork 11478 | -8/Garrison | Discovered new exit (range 10) 11533 | -8/Garrison | Garrison Relay disabled 11551 | -8/Garrison | Triggered checkpoint 11626 | -8/Garrison | Triggered checkpoint 11639 | -8/Garrison | Build established: Mutant 11748 | -8/Garrison | Discovered new exit (range 11) 11770 | -8/Garrison | Triggered checkpoint 11809 | -8/Garrison | Expanded RIF knowledge: Command Fork 11828 | -8/Garrison | Garrison Relay disabled 11912 | -8/Garrison | Identified exit to Factory 12006 | -8/Garrison | Triggered checkpoint 12115 | -8/Garrison | Spotted B-75 Beast 12176 | -8/Garrison | Build established: Bothacker-Mutant 12192 | -8/Garrison | Entered Factory 12192 | -7/Factory | Evolved 2 slots: Utility x2 12776 | -7/Factory | Build established: Assassin 13305 | -7/Factory | Discovered new exit (range 5) 13313 | -7/Factory | Identified exit to Lower Caves 13807 | -7/Factory | Build established: Trapper-Mutant 13857 | -7/Factory | Repaired Arm. Wheel 13925 | -7/Factory | Repaired Hrd. Medium Armor Plating? 13998 | -7/Factory | Repaired Imp. Medium Armor Plating 14062 | -7/Factory | Entered Lower Caves 14067 | -7/Lower Caves | Learned Factory trap positions 14152 | -7/Lower Caves | Learned Factory terminal intel 14728 | -7/Lower Caves | Build established: Trapper-Skirmisher 14766 | -7/Lower Caves | Discovered new exit (range 15) 14774 | -7/Lower Caves | Attracted the attention of an 0b10 outpost 14780 | -7/Lower Caves | Identified exit to Lower Caves 14782 | -7/Lower Caves | Entered another Lower Caves area 15250 | -7/Lower Caves | Discovered new exit (range 13) 15266 | -7/Lower Caves | Identified exit to Data Miner 15289 | -7/Lower Caves | Entered Data Miner 15289 | -7/Data Miner | Discovered new exit (range 6) 15295 | -7/Data Miner | Identified exit to Proximity Caves 15315 | -7/Data Miner | Met Data Miner 15337 | -7/Data Miner | Learned location of Section 7 (-2) 15337 | -7/Data Miner | Acquired the access code to Warlord's prototype stash 15355 | -7/Data Miner | Received God Mode back door access code from Data Miner 15397 | -7/Data Miner | Entered Proximity Caves 15399 | -6/Proximity Caves | Learned Factory emergency access door positions 15412 | -6/Proximity Caves | Learned Factory emergency access door positions 15597 | -6/Proximity Caves | Found Alien Artifact 15597 | -6/Proximity Caves | Identified Core Expander 15597 | -6/Proximity Caves | Installed Core Expander, added new Propulsion slot 16224 | -6/Proximity Caves | Discovered new exit (range 11) 16236 | -6/Proximity Caves | Identified exit to Factory 16374 | -6/Proximity Caves | Entered Factory 16374 | -6/Factory | Evolved 2 slots: Utility x2 16375 | -6/Factory | Loaded intel: 86 trap records 16377 | -6/Factory | Loaded intel: 25 terminal locations 17141 | -6/Factory | Discovered new exit (range 6) 17147 | -6/Factory | Identified exit to Lower Caves 17226 | -6/Factory | Discovered new exit (range 15) 18002 | -6/Factory | Identified exit to Extension 18004 | -6/Factory | Entered Extension 18328 | -6/Extension | Lost 4 allies 18362 | -6/Extension | Rescued a captive Derelict 18363 | -6/Extension | Rescued a captive Derelict 18415 | -6/Extension | Rescued a captive Derelict 18417 | -6/Extension | Rescued a captive Derelict 18464 | -6/Extension | Rescued A7 18484 | -6/Extension | Rescued a captive Derelict 18487 | -6/Extension | Rescued a captive Derelict 18506 | -6/Extension | Incoming investigation squad redirected 18590 | -6/Extension | Build established: Trapper-Assassin 18789 | -6/Extension | Spotted B-75 Beast 18805 | -6/Extension | Destroyed B-75 Beast 18822 | -6/Extension | Spotted B-75 Beast 18831 | -6/Extension | Allies destroyed B-75 Beast 18949 | -6/Extension | Rescued a captive Derelict 19066 | -6/Extension | Rescued a captive Derelict 19075 | -6/Extension | Lost 3 allies 19178 | -6/Extension | Rescued a captive Derelict 19261 | -6/Extension | Rescued a captive Derelict 19261 | -6/Extension | Rescued a captive Derelict 19319 | -6/Extension | Lost 3 allies 19326 | -6/Extension | Rescued a captive Derelict 19328 | -6/Extension | Rescued a captive Derelict 19404 | -6/Extension | First assault squad dispatched 19464 | -6/Extension | Rescued a captive Derelict 19481 | -6/Extension | Lost 6 allies 19491 | -6/Extension | Discovered new exit (range 10) 19492 | -6/Extension | Discovered new exit (range 6) 19498 | -6/Extension | Identified exit to Cetus 19540 | -6/Extension | Entered Cetus 19540 | -6/Cetus | Accompanied by 11 allies (A7) 19545 | -6/Cetus | Acquired a Cetus Manufacturing Module code from A7 19558 | -6/Cetus | Spotted Cetus Guard 19558 | -6/Cetus | Spotted Cetus Guard 19563 | -6/Cetus | Spotted Cetus Guard 19570 | -6/Cetus | Spotted Cetus Guard 19573 | -6/Cetus | Allies destroyed Cetus Guard 19573 | -6/Cetus | Destroyed Cetus Guard 19579 | -6/Cetus | Allies destroyed Cetus Guard 19579 | -6/Cetus | Allies destroyed Cetus Guard 19610 | -6/Cetus | Lost 4 allies 19656 | -6/Cetus | Started Cetus Manufacturing Module 19666 | -6/Cetus | Escorted A7 to Cetus Mainframe 19681 | -6/Cetus | Manufactured an Enhanced Grunt 19685 | -6/Cetus | Discovered new exit (range 16) 19704 | -6/Cetus | Identified exit to Archives 19706 | -6/Cetus | Manufactured an Enhanced Grunt 19731 | -6/Cetus | Manufactured an Enhanced Grunt 19756 | -6/Cetus | Manufactured an Enhanced Grunt 19781 | -6/Cetus | Manufactured an Enhanced Grunt 19821 | -6/Cetus | Entered Archives 19821 | -6/Archives | Accompanied by 11 allies (A7) 19826 | -6/Archives | Received a hacking code to weaken MAIN.C 19861 | -6/Archives | Build established: Bothacker-Mutant 19888 | -6/Archives | Discovered new exit (range 16) 19907 | -6/Archives | Discovered new exit (range 16) 19914 | -6/Archives | Unable to access archive contents 20034 | -6/Archives | Discovered new exit (range 14) 20656 | -6/Archives | Build established: Trapper-Mutant 20934 | -6/Archives | Identified exit to Hub_04(d) 20954 | -6/Archives | Entered Hub_04(d) 20954 | -6/Hub_04(d) | Accompanied by 10 allies 21016 | -6/Hub_04(d) | Discovered new exit (range 16) 21033 | -6/Hub_04(d) | Identified exit to Factory 21259 | -6/Hub_04(d) | Garrison activated, responded to threat 21533 | -6/Hub_04(d) | Network Hub disabled 21617 | -6/Hub_04(d) | Identified exit to Garrison 21617 | -6/Hub_04(d) | Entered Garrison 21689 | -6/Garrison | Triggered checkpoint 21717 | -6/Garrison | Garrison Relay disabled 21803 | -6/Garrison | Expanded RIF knowledge: Alert ID Control 21837 | -6/Garrison | Triggered checkpoint 21845 | -6/Garrison | Triggered checkpoint 22049 | -6/Garrison | Build established: Botlord-Mutant 22139 | -6/Garrison | Discovered exit to Factory (range 11) 22229 | -6/Garrison | Spotted B-75 Beast 22242 | -6/Garrison | Entered Factory 22242 | -5/Factory | Evolved 2 slots: Utility x2 22766 | -5/Factory | Incoming investigation squad redirected 22844 | -5/Factory | Discovered new exit (range 16) 22899 | -5/Factory | Identified exit to Upper Caves 22919 | -5/Factory | Build established: Botlord-Assassin 23059 | -5/Factory | Repaired Centrium Medium Armor Plating 23092 | -5/Factory | Repaired Arm. Wheel 23307 | -5/Factory | Lost 3 parts (1p2u) 23498 | -5/Factory | Sucked down chute 23498 | -5/Factory | Entered Waste 23499 | -5/Waste | Joined by Warlord forces that had cleared the area 23546 | -5/Waste | Build established: Botlord-Mutant 23610 | -5/Waste | Found Damper Plating 23830 | -5/Waste | Discovered new exit (range 13) 23883 | -5/Waste | Identified exit to Factory 23895 | -5/Waste | Entered Factory 23895 | -5/Factory | Accompanied by 20 allies 24066 | -5/Factory | Lost 4 allies 24195 | -5/Factory | First assault squad dispatched 24314 | -5/Factory | Build established: Bothacker-Mutant 24399 | -5/Factory | Incoming investigation squad redirected 24414 | -5/Factory | Cargo convoy interrupted 24473 | -5/Factory | Lost 14 allies 24498 | -5/Factory | Destroyed 7 combat bots 24674 | -5/Factory | Found Prototype Device 24715 | -5/Factory | Found Prototype Processor 24912 | -5/Factory | Repaired Arm. Wheel 25024 | -5/Factory | Repaired Centrium Medium Armor Plating 25035 | -5/Factory | Identified Exp. Thermal Defense Suite 25037 | -5/Factory | Identified Exp. Melee Analysis Suite 25354 | -5/Factory | Entered Upper Caves 25376 | -5/Upper Caves | Lost 6 parts (1p3n2u) 25609 | -5/Upper Caves | Core integrity fell below 50% 25934 | -5/Upper Caves | Learned Factory trap positions 26078 | -5/Upper Caves | Discovered new exit (range 5) 26114 | -5/Upper Caves | Identified exit to Upper Caves 26117 | -5/Upper Caves | Entered another Upper Caves area 26202 | -5/Upper Caves | System corruption reached 10% 26504 | -5/Upper Caves | Discovered new exit (range 8) 26571 | -5/Upper Caves | Identified exit to Warlord 26675 | -5/Upper Caves | Entered Warlord 26745 | -5/Warlord | System corruption cleaned by Quarantine Array 26756 | -5/Warlord | RIF detected upon attempting to enter Warlord's base 26756 | -5/Warlord | Attacked by Warlord forces 26839 | -5/Warlord | Discovered new exit (range 14) 26862 | -5/Warlord | Identified exit to Proximity Caves 26864 | -5/Warlord | Entered Proximity Caves 26949 | -4/Proximity Caves | Lost 4 parts (1n2u1w) 27152 | -4/Proximity Caves | Core integrity fell below 20% 27170 | -4/Proximity Caves | Lost 4 parts (3u1w) 27440 | -4/Proximity Caves | Build established: Derelict-Mutant 27911 | -4/Proximity Caves | Learned 12 Research zone layouts 29481 | -4/Proximity Caves | Destroyed by S-27 Virus with Autogun Last Messages --------------- 27158_ Overheating: Huge Storage Unit damaged (-118). 27159_ Overheating: Adv. Signal Interpreter damaged (-7). 27159_ Hpw. Shotgun fries itself beyond repair. 27160_ Overheating: Energy bleed (-3). 27160_ Unknown Leg fries itself beyond repair. 27161_ Overheating: Energy bleed (-9). 27162_ Overheating: Energy bleed (-12). 27163_ Power failure, Rnf. Quantum Reactor shutdown. 27163_ Overheating: Lyr. Medium Armor Plating damaged (-6). 27214_ Acquired 84 matter. 27911_ Acquired derelict log, extracted data. Data stored: Research zone layouts (x12). 29460_ Lyr. Medium Armor Plating destroyed. 29475_ Hvy. Plasma Cannon destroyed. 29477_ Imp. Sensor Array destroyed. 29478_ Rnf. Quantum Reactor destroyed. Map ----- +----------------------------------------------------+ | ?????????????????????????????????????????????????? | | ?????????????????????????????????????????????????? | | ?????????????????????????????????????????????????? | | ?????????????????????????????????????????????????? | | ?????????????????????????????????????????????????? | | ?????????????????????????????????????????????????? | | ?????????????????????????????????????????????????? | | ?????????????????????????????????????????????????? | | ?????????????????????????????????????????????????? | | ?????????????????????????????????????????????????? | | ?????????????????????????????????????????????????? | | ?????????????????????????????????????????????????? | | ?????????????????????????????????????????????????? | | ?????????????????????????????????????????????????? | | ????????????????# ??????????????????????????????? | | ???????????????? ???????????????????????????????? | | ???????????????? ???????????????????????????????? | | ???????????????? ???????????????????????????????? | | ???????????????# ???????????????????????????????? | | ?????????????## #?????####??????????????????????? | | ?????????##?## ##??### ##?????????????????????? | | ???????## #?? #### #####?????????????????? | | ??????## #?? ? ??????????????????? | | ??##### #?? ???? ????????????????????? | | ?## ## #???# #????## #?????????????????????? | | ## ###?# #??### @ ##????????????????????? | | ### #?## #????????????????????? | | ## ### ## #???????????????????? | | ## ### s###???????????????????? | | #?#s #?????????????????????? | | #?# s ?????????????????????? | | ## ## ##? ????????????????????? | | ## ### #####?? ????????????????????? | | #### ##?####?????? ???????????????????? | | #??# #####???????????? #??????????????????? | | ??# ##???????????????? ??????????????????? | | ? ##????????????????? #?????????????????? | | ##??????????????????########?????????????????? | | ####?????????????????????????????????????????????? | | ?????????????????????????????????????????????????? | | ?????????????????????????????????????????????????? | | ?????????????????????????????????????????????????? | | ?????????????????????????????????????????????????? | | ?????????????????????????????????????????????????? | | ?????????????????????????????????????????????????? | | ?????????????????????????????????????????????????? | | ?????????????????????????????????????????????????? | | ?????????????????????????????????????????????????? | | ?????????????????????????????????????????????????? | | ?????????????????????????????????????????????????? | +----------------------------------------------------+ Best States ------------- Heat Dissipation 64 Coolant Potential 80 Energy Generation 25 Energy Capacity 350 Matter Stores 300 Matter Capacity 300 Sight Range 16 Robot Scan Range 16 Terrain Scan Density 210 Jamming Range 14 Corruption Block 6 Armor Coverage 1825 Resistance: TH 10 Resistance: EM 90 Power Shielding 33 Propulsion Shielding 66 Phase Shifting 5 Evasion (%) 45 Targeting Accuracy 10 Target Analysis 6 Recoil Reduction 2 Kinecelleration 30 Offensive Hacking 24 Relay Coupler Types 4 Relay Coupler Value 82 Authchip Count 1 Trap Extractor Capacity 6 Item Schematics ----------------- Combat Drone Bay | -7/Data Miner | Free Lgt. Regenerative Plating | -7/Data Miner | Free Multireflex Exoskeleton | -7/Data Miner | Free Exp. Targeting Computer | -7/Data Miner | Free Imp. Heavy Machine Gun | -7/Data Miner | Free Linear Gravjet | -7/Data Miner | Free Adv. Cooling System | -7/Data Miner | Free Imp. Weapon Cycler | -7/Data Miner | Free Hvy. Phase Cannon | -7/Data Miner | Free EM Shield | -7/Data Miner | Free Arm. Huge Wheel | -6/Extension | Hacked Robot Schematics ------------------ A-15 Conveyor | -7/Data Miner | Free M-14 Sweeper | -7/Data Miner | Free L-41 Fighter | -7/Data Miner | Free H-66 Slayer | -7/Data Miner | Free Fabricated ------------ Nothing Repaired ---------- Lgt. Treads | 5% | -10/Materials Lgt. Treads | 26% | -10/Materials Imp. Assault Rifle | 75% | -10/Materials Imp. Assault Rifle | 81% | -10/Materials Ion Engine | 85% | -10/Materials Ion Engine | 28% | -9/Materials Med. Armor Plating | 24% | -9/Materials Imp. Medium Laser | 54% | -9/Materials Cld. Ion Engine | 74% | -9/Materials Arm. Wheel | 1% | -8/Materials Arm. Wheel | 24% | -8/Materials Arm. Wheel | 25% | -8/Materials Imp. Ion Engine | 1% | -8/Materials Imp. EM Shotgun | 55% | -8/Materials Hardlight Generator | 66% | -8/Materials Imp. EM Shotgun | 7% | -8/Materials Imp. Ion Engine | 55% | -8/Materials Arm. Wheel | 18% | -7/Factory Hrd. Medium Armor Plating | 20% | -7/Factory Imp. Medium Armor Plating | 18% | -7/Factory Centrium Medium Armor Plating | 9% | -5/Factory Arm. Wheel | 33% | -5/Factory Arm. Wheel | 17% | -5/Factory Centrium Medium Armor Plating | 41% | -5/Factory Alien Tech Used ----------------- Core Expander Achievements -------------- Minesweeper Challenges ------------ None Game ------ Seed MappingImpactAutogun Manual? 0 Play Time 03:54:41 Cumulative 385.8 hours Start 2025.08.14 @ 17:21:51 End 2025.08.15 @ 12:24:18 Sessions 5 Manual Loads 0 Difficulty Rogue Special Mode None Game No. 239 Rogue 239 Adventurer 0 Explorer 0 Win Type - Total 8 Types 8/0/0/0/0/0/0/0/0/0 Lore% 79 Gallery% 75 Achievement% 69 Wizard Run 0 Options --------- Layout 1 ASCII 0 Keyboard 1 Movement Numpad Keybinds 0 Fullscreen 2 Font 24/Smallcaps Map View 50x35 Zoom Use 0% Tactical HUD 1 Map Filters NONE Filters NONE Steam 1 RUN: 70ae4c59-458a-4a30-bf02-fadf69dfee40